2400 views
Uploaded 2024-03-11 19:10:22
Game version 1.36 (6115)
32:20 long 1on2 custom game on (6)TimbermawHold
Game name "AlRoss"
Saved by Alex11Chr
2400 views
Uploaded 2024-03-11 19:10:22
Game version 1.36 (6115)
32:20 long 1on2 custom game on (6)TimbermawHold
Game name "AlRoss"

108 units @ 15.7k
/ 1.6k
48 buildings @ 8.4k
/ 3.6k



| Potion of Healing | 10 | 1500 |
| Lesser Clarity Potion | 4 | 280 |
| Potion of Mana | 4 | 800 |
| Scroll of Town Portal | 1 | 350 |
| Scroll of Healing | 3 | 750 |
| Scroll of Protection | 3 | 450 |
| total: | 25 | 4130g |
| Peon | 14 | 1050 | / | 0 |
| Grunt | 8 | 1600 | / | 0 |
| Troll Headhunter | 10 | 1400 | / | 200 |
| Troll Witch Doctor | 16 | 2320 | / | 400 |
| total: | 48 | 6370g | / | 600w |
| Watch Tower | 3 | 330 | / | 240 |
| Altar of Storms | 3 | 540 | / | 150 |
| Orc Burrow | 7 | 1120 | / | 280 |
| Barracks | 1 | 180 | / | 50 |
| War Mill | 1 | 205 | / | 0 |
| Voodoo Lounge | 2 | 260 | / | 60 |
| Great Hall | 2 | 770 | / | 370 |
| Spirit Lodge | 1 | 150 | / | 150 |
| Beastiary | 1 | 145 | / | 140 |
| Stronghold | 1 | 315 | / | 190 |
| Fortress | 1 | 325 | / | 190 |
| total: | 21 | 3700g | / | 1440w |
| 0:05 | Peon |
| 0:05 | Peon |
| 0:08 | Altar of Storms |
| 0:11 | Orc Burrow |
| 0:34 | Barracks |
| 0:46 | Peon |
| 0:51 | Peon |
| 1:01 | Peon |
| 1:11 | Peon |
| 1:36 | Grunt |
| 1:46 | Orc Burrow |
| 1:53 | Peon |
| 2:22 | Orc Burrow |
| 2:54 | Stronghold |
| 3:00 | War Mill |
| 3:13 | Healing Wave |
| 3:24 | Voodoo Lounge |
| 3:29 | Voodoo Lounge |
| 3:32 | Grunt |
| 4:02 | Orc Burrow |
| 4:22 | Steel Armor |
| 4:24 | Steel Melee Weapons |
| 5:14 | Hex |
| 5:25 | Steel Ranged Weapons |
| 5:33 | Peon |
| 5:33 | Peon |
| 6:05 | Acid Bomb |
| 6:20 | Great Hall |
| 6:25 | Peon |
| 6:26 | Peon |
| 7:02 | Watch Tower |
| 7:18 | Fortress |
| 7:42 | Grunt |
| 7:42 | Grunt |
| 7:45 | Troll Headhunter |
| 7:47 | Troll Headhunter |
| 8:38 | Potion of Healing |
| 8:39 | Lesser Clarity Potion |
| 8:43 | Potion of Healing |
| 8:43 | Potion of Healing |
| 8:50 | Berserker Strength |
| 8:51 | Troll Regeneration |
| 9:13 | Spirit Lodge |
| 9:20 | Orc Burrow |
| 9:44 | Lesser Clarity Potion |
| 9:45 | Potion of Mana |
| 10:23 | Beastiary |
| 10:44 | Witch Doctor Adept Training |
| 10:51 | Thorium Armor |
| 10:52 | Reinforced Defenses |
| 10:53 | Spiked Barricades |
| 11:18 | Scroll of Town Portal |
| 11:21 | Potion of Healing |
| 14:11 | Great Hall |
| 14:27 | Healing Wave |
| 15:24 | Chemical Rage |
| 15:38 | Watch Tower |
| 16:03 | Witch Doctor Master Training |
| 16:09 | Troll Headhunter |
| 16:09 | Troll Headhunter |
| 16:10 | Grunt |
| 16:17 | Watch Tower |
| 16:20 | Potion of Healing |
| 16:23 | Lesser Clarity Potion |
| 16:37 | Potion of Mana |
| 16:54 | Cleaving Attack |
| 16:59 | Orc Burrow |
| 17:04 | Peon |
| 17:07 | Peon |
| 17:38 | Troll Witch Doctor |
| 17:40 | Troll Witch Doctor |
| 17:57 | Orc Burrow |
| 18:03 | Peon |
| 18:13 | Troll Witch Doctor |
| 18:19 | Troll Witch Doctor |
| 18:26 | Improved Spiked Barricades |
| 18:43 | Troll Witch Doctor |
| 18:48 | Troll Witch Doctor |
| 20:07 | Altar of Storms |
| 20:13 | Altar of Storms |
| 20:24 | Troll Headhunter |
| 20:24 | Troll Headhunter |
| 20:26 | Grunt |
| 20:28 | Troll Headhunter |
| 21:00 | Troll Witch Doctor |
| 21:00 | Troll Witch Doctor |
| 21:00 | Troll Witch Doctor |
| 21:02 | Arcanite Armor |
| 21:03 | Thorium Melee Weapons |
| 21:04 | Thorium Ranged Weapons |
| 21:49 | Scroll of Healing |
| 21:49 | Scroll of Healing |
| 21:50 | Scroll of Protection |
| 22:01 | Scroll of Protection |
| 22:59 | Lesser Clarity Potion |
| 23:09 | Potion of Healing |
| 23:10 | Potion of Mana |
| 23:11 | Potion of Healing |
| 23:24 | Potion of Healing |
| 24:39 | Troll Witch Doctor |
| 24:39 | Troll Witch Doctor |
| 24:42 | Troll Witch Doctor |
| 25:34 | Scroll of Healing |
| 25:34 | Scroll of Protection |
| 25:52 | Potion of Healing |
| 26:11 | Troll Headhunter |
| 27:42 | Hex |
| 27:49 | Howl of Terror |
| 28:28 | Troll Witch Doctor |
| 28:29 | Troll Witch Doctor |
| 28:32 | Potion of Healing |
| 28:33 | Potion of Mana |
| 29:11 | Cleaving Attack |
| 29:16 | Troll Witch Doctor |
| 29:18 | Grunt |
| 29:19 | Troll Headhunter |
| 29:32 | Acid Bomb |
| 31:04 | Arcanite Melee Weapons |
| 31:04 | Arcanite Ranged Weapons |
| 31:11 | Grunt |
| 31:13 | Troll Headhunter |
| 32:16 | Hex |
| 32:30 | Troll Witch Doctor |
| 33:42 | Howl of Terror |
| 33:50 | Chemical Rage |
| Right click | 1999 |
| Select group | 354 |
| Select | 324 |
| Build/train/purchase | 141 |
| Use ability | 92 |
| Assign group | 75 |
| Item give/drop | 15 |
| Minimap ping | 5 |



| Potion of Healing | 3 | 450 |
| Potion of Mana | 4 | 800 |
| Moonstone | 2 | 100 |
| Staff of Preservation | 1 | 150 |
| Lesser Clarity Potion | 2 | 140 |
| Scroll of Town Portal | 1 | 350 |
| Scroll of Healing | 1 | 250 |
| Potion of Lesser Invulnerability | 1 | 150 |
| total: | 15 | 2390g |
| Wisp | 19 | 1140 | / | 0 |
| Archer | 10 | 1300 | / | 100 |
| Huntress | 25 | 4875 | / | 500 |
| Chimaera | 6 | 1980 | / | 420 |
| total: | 60 | 9295g | / | 1020w |
| Ancient Protector | 10 | 1350 | / | 800 |
| Altar of Elders | 1 | 180 | / | 50 |
| Ancient of War | 1 | 150 | / | 60 |
| Moon Well | 8 | 1440 | / | 320 |
| Ancient of Wonders | 2 | 180 | / | 60 |
| Hunter's Hall | 1 | 210 | / | 100 |
| Tree of Life | 3 | 1020 | / | 555 |
| Chimaera Roost | 1 | 140 | / | 190 |
| Tree of Ages | 1 | 320 | / | 180 |
| Tree of Eternity | 1 | 330 | / | 200 |
| total: | 27 | 4670g | / | 2135w |
| 0:06 | Wisp |
| 0:09 | Altar of Elders |
| 0:16 | Ancient of War |
| 0:20 | Wisp |
| 0:22 | Moon Well |
| 0:37 | Wisp |
| 0:54 | Wisp |
| 1:15 | Wisp |
| 1:33 | Wisp |
| 1:33 | Archer |
| 1:42 | Wisp |
| 1:51 | Wisp |
| 1:58 | Moon Well |
| 2:01 | Archer |
| 2:04 | Wisp |
| 2:22 | Ancient of Wonders |
| 2:44 | Life Drain |
| 2:58 | Archer |
| 3:21 | Archer |
| 3:23 | Tree of Ages |
| 3:41 | Hunter's Hall |
| 4:01 | Archer |
| 4:22 | Archer |
| 4:28 | Moon Well |
| 4:43 | Archer |
| 4:48 | Archer |
| 5:31 | Huntress |
| 5:36 | Moon Well |
| 6:08 | Wisp |
| 6:08 | Wisp |
| 6:29 | Silence |
| 6:29 | Breath of Fire |
| 6:47 | Tree of Life |
| 7:12 | Ancient Protector |
| 7:18 | Ancient Protector |
| 7:26 | Wisp |
| 7:26 | Wisp |
| 7:26 | Wisp |
| 8:01 | Archer |
| 8:02 | Huntress |
| 8:29 | Life Drain |
| 8:33 | Archer |
| 8:37 | Moon Glaive |
| 8:39 | Potion of Healing |
| 8:39 | Potion of Mana |
| 8:40 | Potion of Healing |
| 9:25 | Huntress |
| 9:59 | Tree of Eternity |
| 10:01 | Huntress |
| 10:04 | Moon Armor |
| 10:10 | Wisp |
| 10:26 | Wisp |
| 10:57 | Drunken Brawler |
| 11:13 | Huntress |
| 11:14 | Improved Moon Armor |
| 11:16 | Moonstone |
| 11:27 | Potion of Mana |
| 11:28 | Scroll of Town Portal |
| 11:32 | Staff of Preservation |
| 14:10 | Huntress |
| 14:27 | Strength of the Moon |
| 15:45 | Forked Lightning |
| 16:04 | Huntress |
| 16:12 | Chimaera Roost |
| 16:16 | Moon Well |
| 16:19 | Wisp |
| 16:23 | Ancient Protector |
| 16:37 | Nature's Blessing |
| 16:47 | Well Spring |
| 17:02 | Silence |
| 17:09 | Potion of Lesser Invulnerability |
| 17:11 | Scroll of Healing |
| 17:21 | Breath of Fire |
| 17:37 | Wisp |
| 17:41 | Huntress |
| 17:42 | Chimaera |
| 18:16 | Huntress |
| 18:35 | Huntress |
| 19:55 | Huntress |
| 19:55 | Huntress |
| 20:03 | Moonstone |
| 20:03 | Lesser Clarity Potion |
| 20:03 | Potion of Mana |
| 20:04 | Potion of Healing |
| 20:04 | Lesser Clarity Potion |
| 20:04 | Potion of Mana |
| 20:25 | Mana Shield |
| 21:09 | Ancient of Wonders |
| 21:11 | Wisp |
| 21:21 | Tree of Life |
| 21:25 | Ancient Protector |
| 21:29 | Ancient Protector |
| 21:38 | Huntress |
| 21:40 | Advanced Moon Armor |
| 21:43 | Corrosive Breath |
| 21:47 | Chimaera |
| 22:14 | Silence |
| 22:42 | Huntress |
| 22:42 | Huntress |
| 23:05 | Huntress |
| 23:06 | Improved Strength of the Moon |
| 23:13 | Drunken Brawler |
| 24:41 | Forked Lightning |
| 25:17 | Moon Well |
| 25:18 | Moon Well |
| 25:23 | Tree of Life |
| 25:28 | Moon Well |
| 25:32 | Ancient Protector |
| 25:34 | Ancient Protector |
| 25:38 | Ancient Protector |
| 25:39 | Ancient Protector |
| 25:40 | Ancient Protector |
| 27:47 | Breath of Fire |
| 27:59 | Huntress |
| 28:08 | Life Drain |
| 28:53 | Huntress |
| 29:23 | Huntress |
| 29:35 | Chimaera |
| 29:52 | Storm Earth and Fire |
| 30:15 | Huntress |
| 30:15 | Huntress |
| 30:52 | Chimaera |
| 31:26 | Huntress |
| 31:32 | Chimaera |
| 32:00 | Huntress |
| 32:10 | Mana Shield |
| 33:59 | Huntress |
| 33:59 | Huntress |
| 34:00 | Chimaera |
| Right click | 580 |
| Select | 394 |
| Select group | 232 |
| Build/train/purchase | 133 |
| Use ability | 106 |
| Assign group | 47 |
| Misc. action | 30 |
| Esc | 6 |
| Minimap ping | 6 |
| Item give/drop | 4 |
| Remove unit | 3 |
⇛